 Dungeon Crawl Stone Soup version 0.32-a0-132-g2d33c3cfaf (webtiles) character file.

Game seed: 2178263146954718390

1 Bravepunisher the Ducker (level 1, 0/11 HPs)
             Began as a Spriggan Monk on Feb 9, 2024.
             Slain by a sky beast (2 damage)
             ... on level 7 of the Dungeon.
             The game lasted 00:02:55 (577 turns).

Bravepunisher the Ducker (Spriggan Monk)             Turns: 577, Time: 00:02:56

Health: 0/11       AC:  2    Str:  7    XL:     1   Next: 16%
Magic:  2/2        EV: 18    Int: 11    God:
Gold:   31         SH:  0    Dex: 17    Spells: 0/0 levels left

rFire   . . .        a - +0 short sword
rCold   . . .        (no shield)
rNeg    . . .        b - +0 robe
rPois   .            (helmet restricted)
rElec   .            (no cloak)
rCorr   .            (gloves unavailable)
SInv    +            (boots unavailable)
Will    .....        (no amulet)
Stlth   ++           (no ring)
HPRegen 0.21/turn    (no ring)
MPRegen 0.08/turn

%: no passive effects
@: very quick
A: very small, no large weapons, unfitting armour, see invisible, speed 3
a: no special abilities


You were on level 7 of the Dungeon.
You visited 1 branch of the dungeon, and saw 7 of its levels.

You collected 31 gold pieces.

Inventory:

Hand Weapons
 a - a +0 short sword (weapon)
Armour
 b - a +0 robe (worn)
Scrolls
 d - 2 scrolls of noise
 e - a scroll of vulnerability {unknown}
 f - a scroll of teleportation {unknown}
Potions
 c - a potion of curing {unknown}


   Skills:
 + Level 2.4 Fighting
 - Level 3.2 Short Blades
 * Level 4.1 Dodging


You couldn't memorise any spells.
You didn't know any spells.
Your spell library was empty.

Dungeon Overview and Level Annotations

Branches:
Dungeon (7/15)
 Temple: D:4-7

Altars:
Xom

Shops:
D:2 (


Innate Abilities, Weirdness & Mutations

You are very small and have problems with some larger weapons.
You are too small for most types of armour.
You have supernaturally acute eyesight. (SInv)
You cover ground extremely quickly. (Speed+++)


Message History

The crimson imp closely misses you.
Unknown command.
You enter a teleport trap!
The teleport trap disappears.
Your surroundings suddenly seem different.
HP restored.
Found a stone staircase leading down.
A hound comes into view.
The hound barks!
Found a silver wand.
The hound attacks as it pursues you! The hound bites you.
There is a stone staircase leading down here.
The hound misses you. The hound bites you.
You climb downwards.
The ufetubus shouts!
Found a stone staircase leading up.
There is a stone staircase leading up here.
Unknown command.
Found 22 gold pieces.
An ufetubus comes into view.
An ufetubus opens the door.
There is a stone staircase leading up here.
The hound bites you.
* * * LOW HITPOINT WARNING * * *
You climb upwards.
The iguana hisses angrily.
You hear a shout!
Found 6 poisoned darts.
There is a stone staircase leading down here.
Unknown command.
The ufetubus shouts!
You climb downwards.
The hound bites you but does no damage. The ufetubus misses you.
The ufetubus completely misses you. The hound misses you.
The ufetubus misses you. The ufetubus hits you.
* * * LOW HITPOINT WARNING * * *
There is a stone staircase leading up here.
Unknown command.
The hound attacks as it pursues you! The hound misses you.
The ufetubus barely misses you. The ufetubus closely misses you.
The sky beast flickers out of sight for a moment.
The sky beast hits you.
You die...

## ... ##'# #+##
#...## ##...#
+.⌠...###...⌠$.
#.............#
#....<....#
###.hY..###
##@5.##
###.....###
#....<....#
#.............#
...⌠...###...⌠..
.#...## ##...#
##.# #.## ...
... .. .


You could see a sky beast (invisible), a hound and an ufetubus.

Vanquished Creatures
  An endoplasm (D:4)
1 creature vanquished.

Notes
Turn   | Place    | Note
-------+----------+-------------------------------------------
     0 | D:1      | Bravepunisher the Spriggan Monk began the quest for the
                  | Orb.
     0 | D:1      | Reached XP level 1. HP: 11/11 MP: 2/2
    45 | D:2      | Found Qammila's Weapon Emporium.
   149 | D:4      | Noticed a scorpion
   177 | D:4      | Noticed an iguana
   212 | D:4      | Noticed a black bear
   213 | D:4      | Noticed a jelly
   247 | D:5      | Entered Level 5 of the Dungeon
   477 | D:6      | Noticed a jelly
   501 | D:6      | Found a shimmering altar of Xom.
   502 | D:6      | Noticed a crimson imp
   502 | D:6      | Noticed a crimson imp
   502 | D:6      | Noticed a crimson imp
   560 | D:6      | Noticed a hound
   567 | D:7      | Noticed a sky beast
   573 | D:6      | Noticed a centaur
   573 | D:6      | Noticed a bullfrog
   573 | D:6      | Noticed an iguana
   577 | D:7      | Slain by a sky beast

Illustrated notes

Levels and vault maps discovered:
D:1:      minmay_arrival_up_and_down, layout_loops_corners
D:2:      layout_basic, serial_shops,
          nicolae_shop_temple_entry_statues_fountains, shop, shop,
          grunt_ministairs_9
D:3:      layout_loops_ring, mainiacjoe_overflow_catwalk, serial_shops, shop
D:4:      layout_rooms, nicolae_shop_sticking_my_neck_out
D:5:      layout_loops_corners
D:6:      layout_loops_ring, mainiacjoe_overflow_24_doors,
          mainiacjoe_overflow_alcove_3, led_xom_imps, grunt_decor_resistance,
          minivault_11
D:7:      layout_cave_pods, minmay_temple_entry_mini_moons,
          nicolae_custom_books, minmay_misc_feat_roman,
          nicolae_shop_unique_rings, grunt_ministairs_13, uniq_pikel

Action                     || total
---------------------------++-------
  Melee: Short sword       ||    14
    Use: Scroll            ||     1
         Potion            ||     1
 Armour: Robe              ||    24
  Dodge: Dodged            ||    47

Table legend: (Time is in decaauts)
 A = Elapsed time spent in this place.
 B = Non-inter-level travel time spent in this place.
 C = Inter-level travel time spent in this place.
 D = Time resting spent in this place.
 E = Time spent auto-exploring this place.
 F = Levels seen in this place.
 G = Mean time per level.
                   A        B        C        D        E       F      G
               +--------+--------+--------+--------+--------+-----+--------+
         Total |    380 |    380 |      0 |      0 |    130 |   7 |   54.3 |
       Dungeon |    380 |    380 |      0 |      0 |    130 |   7 |   54.3 |
               +--------+--------+--------+--------+--------+-----+--------+

Top non-repeatable levels by time:
     D:6: 175 daAuts
     D:4: 61 daAuts
     D:3: 44 daAuts
     D:5: 36 daAuts
     D:1: 32 daAuts
     D:2: 23 daAuts
     D:7: 6 daAuts
